 Dungeon Sprint DCSS version 0.21.1-1-g345015f (webtiles) character file.

70136 Psiloshibe the Barachian Blade (level 15, -3/145 HPs)
             Began as a Barachi Berserker on May 28, 2018.
             Was the Champion of Trog.
             Slain by an emperor scorpion (11 damage)
             ... in the Dungeon (Sprint IX: "|||||||||||||||||||||||||||||") on May 29, 2018.
             The game lasted 00:35:38 (5634 turns).

Psiloshibe the Barachian Blade (Barachi Berserker)  Turns: 5634, Time: 00:35:39

Health: -3/145     AC: 29    Str: 33    XL:     15   Next: 32%
Magic:  0/17       EV: 18    Int: 10    God:    Trog [******]
Gold:   835        SH:  6    Dex: 12    Spells: 14/14 levels left

rFire    x . .     SeeInvis +   D - +7 triple sword (holy)
rCold    + + .     Gourm    .   (shield currently unavailable)
rNeg     . . .     Faith    .   z - +3 ice dragon scales
rPois    .         Spirit   .   X - +3 crown of Dyrovepreva {rElec Int+2 SInv}
rElec    +         Reflect  +   p - +1 cloak
rCorr    +         Harm     .   O - +0 pair of gloves "Turaem" {rCorr Str+3}
MR       +++..     NoTele   +   B - +1 pair of boots
Stlth    +.........             K - +6 amulet of reflection
HPRegen  1.34/turn              P - +2 ring of slaying
MPRegen  0.15/turn              L - +6 ring of strength

@: lethally poisoned (-3 -> -48), can't hop, regenerating, slow
A: +LOS, swims, slowness 1, strong legs 2
a: Hop, Berserk, Trog's Hand, Brothers in Arms, Burn Spellbooks, Renounce
Religion


You were in the Dungeon.
You worshipped Trog.
Trog was exalted by your worship.
You were not hungry.

You visited 1 branch You collected 1937 gold pieces.
You spent 1102 gold pieces at shops.

Inventory:

Hand Weapons
 a - a +7 great sword of flaming
 b - a +6 blowgun
 q - a +0 executioner's axe of distortion
 w - a +2 antimagic quarterstaff
 x - a +2 halberd of flaming
 D - a +7 triple sword of holy wrath (weapon)
 E - a +5 antimagic long sword
 F - a +2 scimitar of flaming
 H - a +4 antimagic short sword
 N - a +2 morningstar of protection
Missiles
 o - 7 javelins of returning
 s - 3 silver tomahawks (quivered)
 y - 15 steel javelins
 G - 17 tomahawks of returning
 I - 9 exploding tomahawks
 M - 5 javelins of penetration
 S - 6 needles of confusion
 T - 4 poisoned needles
 U - 6 poisoned javelins
 V - 4 poisoned tomahawks
 Y - 2 needles of frenzy
 Z - 16 needles of sleeping
Armour
 p - a +1 cloak (worn)
 z - +3 ice dragon scales (worn)
 B - a +1 pair of boots (worn)
 O - the +0 pair of gloves "Turaem" (worn) {rCorr Str+3}
   (You found it in the Dungeon)

   It affects your strength (+3).
   It protects you from acid and corrosion.
 X - the +3 crown of Dyrovepreva (worn) {rElec Int+2 SInv}
   (You found it in the Dungeon)

   It affects your intelligence (+2).
   It insulates you from electricity.
   It lets you see invisible.
Jewellery
 K - a +6 amulet of reflection (around neck)
 L - a +6 ring of strength (right hand)
 P - a +2 ring of slaying (left hand)
Wands
 m - a wand of acid (10)
 C - a wand of clouds (7)
Scrolls
 i - 6 scrolls of blinking
 j - a scroll of identify
 l - 3 scrolls of remove curse
 t - 6 scrolls of enchant weapon
 u - 3 scrolls of fog
 v - 8 scrolls of enchant armour
 Q - a scroll of fear
Potions
 d - 8 potions of curing
 e - 13 potions of heal wounds
 f - 2 potions of haste
 g - 4 potions of magic
 h - 3 potions of berserk rage
 k - a potion of invisibility
 n - 2 potions of agility
 A - a potion of might
 R - a potion of brilliance {unknown}
 W - a potion of degeneration {unknown}
Miscellaneous
 J - a lightning rod (4/4)
Comestibles
 c - 10 rations
 r - 6 chunks of flesh


   Skills:
 + Level 21.6 Fighting
 + Level 24.3 Long Blades
 + Level 7.1 Maces & Flails
 * Level 22.3 Throwing
 + Level 16.9 Armour
 + Level 13.7 Dodging
 + Level 5.4 Stealth
 + Level 3.5 Evocations


You had 14 spell levels left.
You didn't know any spells.

Dungeon Overview and Level Annotations

Branches:
Dungeon (1/1)

Altars:
Cheibriados
Dithmenos
Elyvilon
Fedhas
Gozag
Hepliaklqana
Kikubaaqudgha
Makhleb
Nemelex Xobeh
Okawaru
Qazlal
Ru
Sif Muna
Trog
Uskayaw
Vehumet
Wu Jian
Xom
Yredelemnul
Zin
The Shining One
Beogh
Jiyva
Lugonu

Shops:
D (=?}


Innate Abilities, Weirdness & Mutations

Shadows flee at your approach. (+LOS)
You can swim through water.
You cover ground slowly.
You can hop long distances.


Message History

You feel very sick. The ghost moth stares at you.
The emperor scorpion completely misses you.
The emperor scorpion claws you.
* * * LOW HITPOINT WARNING * * *
The emperor scorpion completely misses you.
Throwing (i - inventory. (,) - cycle):
s - 4 silver tomahawks (quivered)
Press: ? - help, Shift-Dir - straight line, f/p - emperor scorpion
Aim: an emperor scorpion (severely wounded, berserk, fast, unusually strong)
You throw a silver tomahawk.
The silver tomahawk hits the emperor scorpion!!
The emperor scorpion is almost dead.
You feel very sick. The emperor scorpion stings you!!
* * * LOW HITPOINT WARNING * * *
You are more poisoned.
The emperor scorpion poisons you!
The emperor scorpion claws you but does no damage.
The emperor scorpion claws you!
You die...

▓.▓.▓=▓.▓)▓.♣.♣.▓)
▓.▓.▓.▓.▓)▓.♣†♣.▓)
▓φ▓.▓=▓.▓.▓.▓)▓.▓.
▓y▓.▓.▓.▓)▓.▓.▓.▓.
▓§▓.▓'▓.▓.▓.▓.▓)▓=
▓y▓.▓.▓.▓.▓.▓.▓.▓.
▓.▓.▓.▓.▓.▓.▓.▓.▓.
▓s▓.▓.▓.▓.▓.▓†▓.▓'
▓@▓.▓.▓.▓.▓.▓.▓.▓.
▓'▓.▓.▓.▓.▓.▓.▓.▓.
▓.▓.▓.▓.▓.▓.▓.▓.▓.
▓.▓.▓.▓.▓.▓.▓.▓.▓.
▓.▓.▓.▓.▓.▓.▓.▓.▓.
▓.▓.▓.▓.▓.▓.▓.▓.▓.
▓.▓.▓.▓.▓.▓.▓.▓.▓.
▓.▓.▓.▓.▓.▓.▓.▓.▓.
▓...▓...▓...▓...▓.


You could see an emperor scorpion (berserk), a ghost moth (invisible) and a moth
of wrath.

Vanquished Creatures
  Jory (D)
  Frances (D)
  Kirke (D)
  2 tengu reavers (D)
  2 fire giants (D)
  A frost giant (D)
  A nagaraja (D)
  4 ghost moths (D)
  2 vault wardens (D)
  An emperor scorpion (D)
  Nessos (D)
  2 entropy weavers (D)
  A stone giant (D)
  Azrael (D)
  A spark wasp (D)
  A merfolk impaler (D)
  2 yaktaur captains (D)
  A fire dragon (D)
  An ice dragon (D)
  A hydra (D)
  3 centaur warriors (D)
  11 ogre magi (D)
  4 two-headed ogres (D)
  A deep troll earth mage (D)
  A shadow wraith (D)
  A sea snake (D)
  A deep elf archer (D)
  An ironbrand convoker (D)
  A wizard (D)
  A harpy (shapeshifter) (D)
  A necromancer (D)
  3 wolf spiders (D)
  2 orc knights (D)
  A manticore (D)
  An oklob plant (D)
  An ugly thing (D)
  A cyclops (D)
  A merfolk siren (D)
  Psyche (D)
  2 moths of wrath (D)
  2 black mambas (D)
  Maurice (D)
  7 spiny frogs (D)
  A komodo dragon (D)
  A naga (D)
  A tengu conjurer (D)
  A jumping spider (D)
  A tyrant leech (D)
  A blink frog (D)
  A hippogriff (shapeshifter) (D)
  A slime creature (D)
  A snapping turtle (D)
  5 redbacks (D)
  2 tarantellas (D)
  A water elemental (D)
  A yak (D)
  4 fire elementals (D)
  A human (shapeshifter) (D)
  2 wyverns (D)
  3 hogs (D)
  A vampire mosquito (D)
  2 wargs (D)
  2 insubstantial wisps (D)
  A floating eye (D)
  A water moccasin (D)
  An acid dragon (D)
  5 hell hounds (D)
  A swamp drake (D)
  3 porcupines (D)
  A black bear (D)
  4 orc warriors (D)
  A phantom (D)
  4 ogres (D)
  3 wolves (D)
  A boggart (shapeshifter) (D)
  3 centaurs (D)
  2 crocodiles (D)
  3 bullfrogs (D)
  3 orc priests (D)
  A hound (D)
  3 orc wizards (D)
  An adder skeleton (D)
  An adder zombie (D)
  A worm (D)
  7 orcs (D)
  A goblin (D)
  3 hobgoblins (D)
  A quokka (D)
  A frilled lizard (D)
  A kobold (D)
  A leopard gecko zombie (D)
169 creatures vanquished.

Vanquished Creatures (collateral kills)
  Sojobo (D)
  A lich (D)
  A merfolk impaler (D)
  An ice dragon (D)
  An ogre mage (D)
  An orc high priest (D)
  A hell knight (D)
  A naga ritualist (D)
  2 necromancers (D)
  A mana viper (D)
  A cyclops (D)
  A manticore (D)
  A black mamba (D)
  A merfolk (D)
  A troll (D)
  A slime creature (D)
  A naga (D)
  8 orc warriors (D)
  A centaur (D)
  A jelly (shapeshifter) (D)
  A jelly (D)
  A jackal zombie (D)
30 creatures vanquished.

Vanquished Creatures (others)
  An ettin (D)
  A merfolk impaler (D)
  A yaktaur captain (D)
  A naga sharpshooter (D)
  An ugly thing (D)
  A yaktaur (D)
6 creatures vanquished.

Grand Total: 205 creatures vanquished

Notes
Turn   | Place    | Note
-------+----------+-------------------------------------------
     0 | D        | Psiloshibe the Barachi Berserker began the quest for the Orb.
     0 | D        | Reached XP level 1. HP: 18/18 MP: 1/1
     7 | D        | Reached skill level 4 in Long Blades
    14 | D        | Reached ** piety under Trog
   140 | D        | Reached XP level 2. HP: 26/26 MP: 2/2
   141 | D        | Reached *** piety under Trog
   149 | D        | Reached skill level 5 in Fighting
   149 | D        | Reached skill level 5 in Long Blades
   169 | D        | Found a roughly hewn altar of Beogh.
   169 | D        | Found a snail-covered altar of Cheibriados.
   169 | D        | Found a shadowy altar of Dithmenos.
   169 | D        | Found a white marble altar of Elyvilon.
   169 | D        | Found a blossoming altar of Fedhas.
   169 | D        | Found an opulent altar of Gozag.
   169 | D        | Found a hazy altar of Hepliaklqana.
   170 | D        | Found a viscous altar of Jiyva.
   171 | D        | Found an ancient bone altar of Kikubaaqudgha.
   172 | D        | Found a corrupted altar of Lugonu.
   173 | D        | Found a burning altar of Makhleb.
   174 | D        | Found a sparkling altar of Nemelex Xobeh.
   175 | D        | Found an iron altar of Okawaru.
   176 | D        | Found a stormy altar of Qazlal.
   177 | D        | Found a sacrificial altar of Ru.
   178 | D        | Found a deep blue altar of Sif Muna.
   179 | D        | Found a bloodstained altar of Trog.
   180 | D        | Found a hide-covered altar of Uskayaw.
   181 | D        | Found a radiant altar of Vehumet.
   182 | D        | Found an ornate altar of the Wu Jian Council.
   183 | D        | Found a shimmering altar of Xom.
   184 | D        | Found a basalt altar of Yredelemnul.
   185 | D        | Found a glowing silver altar of Zin.
   186 | D        | Found a glowing golden altar of the Shining One.
   239 | D        | Noticed a centaur
   239 | D        | Noticed a phantom
   239 | D        | Noticed a centaur
   239 | D        | Noticed a wyvern
   239 | D        | Noticed an ogre
   253 | D        | Killed an ogre
   253 | D        | Reached **** piety under Trog
   253 | D        | Reached skill level 7 in Long Blades
   253 | D        | Reached skill level 1 in Maces & Flails
   253 | D        | Reached skill level 1 in Stealth
   253 | D        | Reached XP level 3. HP: 18/35 MP: 3/3
   253 | D        | Reached XP level 4. HP: 22/41 MP: 4/4
   313 | D        | Killed a phantom
   313 | D        | Reached skill level 8 in Long Blades
   313 | D        | Reached XP level 5. HP: 33/48 MP: 5/5
   320 | D        | Killed a wyvern
   320 | D        | Reached skill level 9 in Long Blades
   320 | D        | Reached skill level 5 in Throwing
   320 | D        | Reached skill level 5 in Armour
   320 | D        | Reached skill level 5 in Dodging
   320 | D        | Reached XP level 6. HP: 57/57 MP: 6/6
   324 | D        | Received a gift from Trog
   330 | D        | Reached XP level 7. HP: 55/64 MP: 7/7
   397 | D        | Noticed a cyan ugly thing
   397 | D        | Noticed a wyvern
   397 | D        | Noticed a manticore
   402 | D        | Killed a manticore
   402 | D        | Reached skill level 11 in Long Blades
   402 | D        | Reached skill level 5 in Maces & Flails
   402 | D        | Reached XP level 8. HP: 48/72 MP: 8/8
   407 | D        | Killed a wyvern
   407 | D        | Reached ***** piety under Trog
   417 | D        | Killed a cyan ugly thing
   417 | D        | Received a gift from Trog
   417 | D        | Reached skill level 10 in Fighting
   417 | D        | Reached skill level 12 in Long Blades
   634 | D        | Noticed an oklob plant
   634 | D        | Noticed a spiny frog
   634 | D        | Noticed a spiny frog
   634 | D        | Noticed a komodo dragon
   634 | D        | Noticed a yak
   646 | D        | Killed a yak
   652 | D        | Killed a komodo dragon
   652 | D        | Received a gift from Trog
   652 | D        | Reached XP level 9. HP: 63/79 MP: 9/9
   656 | D        | Killed a spiny frog
   656 | D        | Reached skill level 13 in Long Blades
   669 | D        | Killed a spiny frog
   815 | D        | Killed an oklob plant
   815 | D        | Reached skill level 14 in Long Blades
   983 | D        | Noticed a spiny frog
   983 | D        | Noticed a spiny frog
   996 | D        | Killed a spiny frog
   996 | D        | Reached skill level 10 in Throwing
   996 | D        | Reached XP level 10. HP: 71/89 MP: 10/10
  1003 | D        | Reached skill level 10 in Armour
  1004 | D        | Noticed a spiny frog
  1013 | D        | Received a gift from Trog
  1019 | D        | Killed a spiny frog
  1019 | D        | Reached ****** piety under Trog
  1019 | D        | Reached skill level 15 in Long Blades
  1021 | D        | Received a gift from Trog
  1026 | D        | Killed a spiny frog
  1053 | D        | Received a gift from Trog
  1142 | D        | Noticed Maurice
  1148 | D        | Killed Maurice
  1148 | D        | Received a gift from Trog
  1230 | D        | Reached skill level 16 in Long Blades
  1247 | D        | Received a gift from Trog
  1323 | D        | Noticed an orc high priest
  1328 | D        | Received a gift from Trog
  1337 | D        | Killed an orc high priest
  1339 | D        | Received a gift from Trog
  1339 | D        | Reached XP level 11. HP: 98/98 MP: 7/11
  1347 | D        | Noticed an orc knight
  1363 | D        | Killed an orc knight
  1363 | D        | Received a gift from Trog
  1400 | D        | Found Xaingawain's Gadget Boutique.
  1400 | D        | Noticed an ogre mage
  1400 | D        | Noticed an ogre mage
  1400 | D        | Noticed an ogre mage
  1400 | D        | Noticed an ogre mage
  1404 | D        | Noticed a two-headed ogre
  1407 | D        | Noticed a two-headed ogre
  1408 | D        | Killed an ogre mage
  1415 | D        | Killed an ogre mage
  1415 | D        | Reached skill level 17 in Long Blades
  1415 | D        | Reached skill level 10 in Dodging
  1426 | D        | Noticed an ogre mage
  1437 | D        | Killed an ogre mage
  1437 | D        | Received a gift from Trog
  1443 | D        | Killed an ogre mage
  1453 | D        | Killed a two-headed ogre
  1453 | D        | Received a gift from Trog
  1456 | D        | Killed a two-headed ogre
  1456 | D        | Reached skill level 18 in Long Blades
  1461 | D        | Noticed an ogre mage
  1475 | D        | Killed an ogre mage
  1475 | D        | Reached skill level 15 in Fighting
  1482 | D        | Killed an ogre mage
  1487 | D        | Received a gift from Trog
  1488 | D        | Found Beucwato's Magic Scroll Shop.
  1497 | D        | Found Cuaqaon's Jewellery Boutique.
  1501 | D        | Found Joaxieck's Antique Weapon Shop.
  1501 | D        | Noticed an ogre mage
  1509 | D        | Killed an ogre mage
  1514 | D        | Noticed a two-headed ogre
  1517 | D        | Bought a lightning rod (4/4) for 400 gold pieces
  1523 | D        | Killed a two-headed ogre
  1523 | D        | Received a gift from Trog
  1523 | D        | Reached XP level 12. HP: 47/111 MP: 4/12
  1537 | D        | Bought a +6 amulet of reflection for 702 gold pieces
  1908 | D        | Got the +0 pair of gloves "Turaem" {rCorr Str+3}
  2782 | D        | Noticed a two-headed ogre
  2790 | D        | Received a gift from Trog
  2792 | D        | Killed a two-headed ogre
  2797 | D        | Received a gift from Trog
  2799 | D        | Noticed a centaur warrior
  2803 | D        | Noticed an ogre mage
  2809 | D        | Reached skill level 19 in Long Blades
  2810 | D        | Noticed a deep troll earth mage
  2813 | D        | Killed a centaur warrior
  2815 | D        | Killed an ogre mage
  2817 | D        | Received a gift from Trog
  2819 | D        | Noticed a fire giant
  2823 | D        | Killed a deep troll earth mage
  2833 | D        | Noticed an ogre mage
  2838 | D        | Killed a fire giant
  2842 | D        | Killed an ogre mage
  2842 | D        | Received a gift from Trog
  3210 | D        | Noticed Psyche
  3221 | D        | Killed Psyche
  3266 | D        | Noticed an eight-headed hydra
  3275 | D        | Killed a five-headed hydra
  3275 | D        | Reached skill level 20 in Long Blades
  3276 | D        | Received a gift from Trog
  3327 | D        | Noticed a merfolk impaler
  3327 | D        | Noticed a merfolk impaler
  3333 | D        | Received a gift from Trog
  3333 | D        | Reached skill level 5 in Stealth
  3334 | D        | Noticed a merfolk impaler
  3344 | D        | Killed a merfolk impaler
  3344 | D        | Gained mutation: You can hop long distances. [Barachi growth]
  3344 | D        | Reached XP level 13. HP: 63/121 MP: 13/13
  3351 | D        | Killed a merfolk impaler
  3357 | D        | Killed a merfolk impaler
  3363 | D        | Received a gift from Trog
  3363 | D        | Reached skill level 15 in Armour
  3388 | D        | Noticed an entropy weaver
  3400 | D        | Killed an entropy weaver
  3411 | D        | Received a gift from Trog
  3411 | D        | Reached skill level 15 in Throwing
  3415 | D        | Reached skill level 21 in Long Blades
  3471 | D        | Noticed a nagaraja
  3479 | D        | Killed a nagaraja
  3479 | D        | Received a gift from Trog
  3490 | D        | Received a gift from Trog
  3673 | D        | Noticed Frances
  3685 | D        | Killed Frances
  3718 | D        | Noticed Kirke
  3803 | D        | Received a gift from Trog
  3810 | D        | Killed Kirke
  3810 | D        | Reached skill level 22 in Long Blades
  3901 | D        | Noticed an ice dragon
  3901 | D        | Noticed an ettin
  3901 | D        | Noticed a fire dragon
  3901 | D        | Noticed a fire giant
  3903 | D        | Received a gift from Trog
  3907 | D        | HP: 3/125 [fire giant/fireball (45)]
  3914 | D        | HP: 2/125 [fire dragon/blast of flame (13)]
  3917 | D        | Killed a fire dragon
  3918 | D        | Killed a fire giant
  3918 | D        | Reached skill level 1 in Evocations
  3927 | D        | Killed an ice dragon
  3927 | D        | Received a gift from Trog
  3929 | D        | Received a gift from Trog
  3932 | D        | Received a gift from Trog
  3936 | D        | Received a gift from Trog
  3938 | D        | Noticed a lich
  3938 | D        | Killed a lich
  3939 | D        | Noticed a spark wasp
  3939 | D        | Killed an ettin
  3949 | D        | Killed a spark wasp
  3949 | D        | Reached XP level 14. HP: 33/133 MP: 15/15
  3971 | D        | Noticed a frost giant
  3992 | D        | Killed a frost giant
  3992 | D        | Received a gift from Trog
  3998 | D        | Received a gift from Trog
  4247 | D        | Noticed a vault warden
  4266 | D        | Received a gift from Trog
  4267 | D        | Reached skill level 23 in Long Blades
  4282 | D        | Killed a vault warden
  4313 | D        | Received a gift from Trog
  4325 | D        | Received a gift from Trog
  4326 | D        | Received a gift from Trog
  4353 | D        | Noticed a vault warden
  4370 | D        | Killed a vault warden
  4558 | D        | Noticed an entropy weaver
  4560 | D        | Noticed a stone giant
  4586 | D        | Killed an entropy weaver
  4591 | D        | Killed a stone giant
  4591 | D        | Received a gift from Trog
  4682 | D        | Noticed Jory
  4704 | D        | Killed Jory
  4712 | D        | Noticed a tengu reaver
  4713 | D        | Noticed Sojobo
  4722 | D        | Killed a tengu reaver
  4748 | D        | Killed Sojobo
  4748 | D        | Received a gift from Trog
  4973 | D        | Noticed a tengu reaver
  4987 | D        | Killed a tengu reaver
  5054 | D        | Found the +3 crown of Dyrovepreva {rElec Int+2 SInv}
  5343 | D        | Noticed Azrael
  5347 | D        | Reached XP level 15. HP: 129/144 MP: 5/17
  5349 | D        | Killed Azrael
  5349 | D        | Received a gift from Trog
  5351 | D        | Received a gift from Trog
  5516 | D        | Noticed Nessos
  5525 | D        | Killed Nessos
  5578 | D        | Noticed a ghost moth
  5578 | D        | Noticed a ghost moth
  5578 | D        | Noticed an emperor scorpion
  5580 | D        | Noticed a ghost moth
  5589 | D        | Killed an emperor scorpion
  5589 | D        | Reached skill level 24 in Long Blades
  5593 | D        | Received a gift from Trog
  5596 | D        | Killed a ghost moth
  5600 | D        | Killed a ghost moth
  5600 | D        | Received a gift from Trog
  5602 | D        | Killed a ghost moth
  5616 | D        | Noticed an emperor scorpion
  5617 | D        | Noticed a ghost moth
  5618 | D        | Noticed a ghost moth
  5631 | D        | Killed a ghost moth
  5631 | D        | Received a gift from Trog
  5634 | D        | Slain by an emperor scorpion

Skill      XL: |  1  2  3  4  5  6  7  8  9 10 11 12 13 14 15 |
---------------+----------------------------------------------+-----
Fighting       | 4 6 7 8 9 10 11 13 15 17 19 21 | 21.6
Long Blades    | 4 7 8 9 11 12 14 16 18 20 22 23 24 | 24.3
Maces & Flails | 1 3 4 5 6 7 |  7.1
Throwing       | 3 4 5 6 7 8 10 11 13 14 17 21 22 | 22.3
Armour         | 3 4 5 6 7 8 9 11 13 14 15 16 | 16.9
Dodging        | 3 4 5 6 7 8 9 10 11 12 13 | 13.7
Stealth        | 1 2 3 5 |  5.4
Evocations     | 2 3 |  3.5

Action                   |  1- 3 |  4- 6 |  7- 9 | 10-12 | 13-15 || total
-------------------------+-------+-------+-------+-------+-------++-------
Melee: Falchion          |    35 |       |       |       |       ||    35
       Morningstar       |     7 |    14 |       |       |       ||    21
       Scimitar          |       |    21 |    70 |    82 |       ||   173
       Triple sword      |       |       |       |    27 |    76 ||   103
       Long sword        |       |       |       |    80 |     4 ||    84
       Great sword       |       |       |       |    62 |   118 ||   180
       Battleaxe         |       |       |       |       |     6 ||     6
 Fire: Blowgun           |       |       |       |    16 |    34 ||    50
Throw: Tomahawk          |       |       |     7 |    10 |    31 ||    48
       Javelin           |       |       |       |       |    59 ||    59
Invok: Trog's Hand       |     2 |     3 |     4 |     9 |    10 ||    28
       Berserk           |     1 |     1 |     1 |       |     1 ||     4
       Brothers in Arms  |       |       |       |     2 |     2 ||     4
 Abil: Hop               |       |       |       |       |     3 ||     3
Evoke: Lightning rod     |       |       |       |       |     5 ||     5
  Use: Potion            |       |       |       |     2 |     2 ||     4
 Stab: Sleeping          |     1 |       |       |       |       ||     1
       Confused          |       |       |       |     1 |       ||     1
  Eat: Chunk             |       |     1 |     5 |    10 |    10 ||    26
       Ration            |       |       |       |     1 |     1 ||     2
Armor: Animal skin       |     3 |       |       |       |       ||     3
       Scale mail        |     1 |    37 |    17 |    53 |    61 ||   169
       Ice dragon scales |       |       |       |       |    32 ||    32
Dodge: Dodged            |    22 |    46 |    26 |   130 |   130 ||   354
Block: Other             |       |       |       |    11 |    53 ||    64
       Reflection        |       |       |       |       |     1 ||     1
       Rpst.: Falchion   |     8 |       |       |       |       ||     8
       Scimitar          |       |     2 |     5 |    10 |       ||    17
       Triple sword      |       |       |       |     2 |    10 ||    12
       Long sword        |       |       |       |     8 |       ||     8
       Great sword       |       |       |       |     5 |     8 ||    13
